SAA
LONG ISLAND SEAWOLVES @ LANNISTER UNITED LIONHEARTS
06/14/2034
 
TOP OF THE 1ST
Long Island Seawolves batting - Pitching for Lannister United Lionhearts : RHP Érik Moreau
Pitching: RHP Érik Moreau
Batting: SHB Cheong-hun Kang 0-0: Foul Ball, location: 2F
0-1: Ball
1-1: Foul Ball, location: 2F
1-2: Foul Ball, location: 2F
1-2: Foul Ball, location: 2F
1-2: Foul Ball, location: 2F
1-2: Ground out U3 (Groundball, 34S)
Batting: RHB Taua Naituyaga 0-0: Foul Ball, location: 2F
0-1: Ball
1-1: Swinging Strike
1-2: Strikes out looking
Batting: RHB John Shultz 0-0: Foul Ball, location: 2F
0-1: Swinging Strike
0-2: Strikes out swinging
Top of the 1st over - 0 runs, 0 hits, 0 errors, 0 left on base; Long Island 0 - Lannister United 0
BOTTOM OF THE 1ST
Lannister United Lionhearts batting - Pitching for Long Island Seawolves : RHP Joe Wilson
Pitching: RHP Joe Wilson
Batting: SHB Miklos Elias 0-0: Ball
1-0: Called Strike
1-1: Ball
2-1: Ball
3-1: Base on Balls
Batting: RHB Manny García 0-0: Ball
Miklos Elias is caught stealing 2nd base
1-0: Ball
2-0: Ball
3-0: Called Strike
3-1: Ground out 5-3 (Groundball, 56)
Batting: SHB Gerrie Bond 0-0: Called Strike
0-1: SINGLE (Groundball, 56D)
Batting: RHB Mitsuhide Bando 0-0: Foul Ball, location: 2F
0-1: Swinging Strike
0-2: Single, Error in OF, E7, batter to second base
Gerrie Bond to third
Batting: LHB Michael Witt 0-0: Ball
1-0: Ball
2-0: Ball
3-0: Called Strike
3-1: SINGLE (Line Drive, 34)
Gerrie Bond scores
Mitsuhide Bando to third
Batting: RHB Breanainn Swartwood 0-0: Ball
1-0: Foul Ball, location: 2F
1-1: Foul Ball, location: 2F
1-2: Ball
2-2: Fielders Choice at 2nd, 5-4 (Groundball, 5)
Bottom of the 1st over - 1 run, 3 hits, 1 error, 2 left on base; Long Island 0 - Lannister United 1
TOP OF THE 2ND
Long Island Seawolves batting - Pitching for Lannister United Lionhearts : RHP Érik Moreau
Batting: RHB John Mayasich 0-0: TRIPLE (Line Drive, 89XD)
Batting: RHB Carlos Gonzáles 0-0: Called Strike
0-1: Foul Ball, location: 2F
0-2: Strikes out swinging
Batting: RHB Nigel Sturges 0-0: Foul Ball, location: 2F
0-1: Ball
1-1: Ball
2-1: Fly out, F7 (Flyball, 7LS)
Runner from 3rd tags up, SCORES, throw made
Batting: LHB Ryan Dudley 0-0: Foul Ball, location: 2F
0-1: Foul Ball, location: 2F
0-2: Strikes out swinging
Top of the 2nd over - 1 run, 1 hit, 0 errors, 0 left on base; Long Island 1 - Lannister United 1
BOTTOM OF THE 2ND
Lannister United Lionhearts batting - Pitching for Long Island Seawolves : RHP Joe Wilson
Batting: RHB Mareka Naidoo 0-0: Swinging Strike
0-1: Fly out, F8 (Line Drive, 8LXD)
Batting: RHB Víctor Murguia 0-0: Ground out 4-3 (Groundball, 4MS)
Batting: RHB Gonzalo Vásquez 0-0: Ball
1-0: Foul Ball, location: 2F
1-1: Foul Ball, location: 2F
1-2: Ball
2-2: Strikes out looking
Bottom of the 2nd over - 0 runs, 0 hits, 0 errors, 0 left on base; Long Island 1 - Lannister United 1
TOP OF THE 3RD
Long Island Seawolves batting - Pitching for Lannister United Lionhearts : RHP Érik Moreau
Batting: RHB Shigeaki Samurakami 0-0: Ball
1-0: Ball
2-0: Called Strike
2-1: Foul Ball, location: 2F
2-2: Ground out 6-3 (Groundball, 6)
Batting: RHB Wes O'Mulhill 0-0: Foul Ball, location: 2F
0-1: Ground out 6-3 (Groundball, 6MD)
Batting: SHB Cheong-hun Kang 0-0: Called Strike
0-1: SINGLE (Line Drive, 34D)
Batting: RHB Taua Naituyaga 0-0: Ball
Cheong-hun Kang steals 2nd base
1-0: Ball
2-0: SINGLE (Line Drive, 89S)
Cheong-hun Kang to third
Runner from 3rd tries for Home, SAFE, no throw
Batting: RHB John Shultz 0-0: Ball
Taua Naituyaga is caught stealing 2nd base
Top of the 3rd over - 1 run, 2 hits, 0 errors, 0 left on base; Long Island 2 - Lannister United 1
BOTTOM OF THE 3RD
Lannister United Lionhearts batting - Pitching for Long Island Seawolves : RHP Joe Wilson
Batting: SHB Miklos Elias 0-0: Ground out 4-3 (Groundball, 4)
Batting: RHB Manny García 0-0: SINGLE (Groundball, 34D)
Batting: SHB Gerrie Bond 0-0: Ball
1-0: Called Strike
1-1: Ball
2-1: Ball
3-1: Called Strike
3-2: SINGLE (Groundball, 6S) (infield hit)
Manny García to second
Batting: RHB Mitsuhide Bando 0-0: Ball
Manny García steals 3rd base
Gerrie Bond to second
1-0: Fly out, F7 (Flyball, 7LS)
Runner from 3rd tags up, OUT at HOME
Bottom of the 3rd over - 0 runs, 2 hits, 0 errors, 1 left on base; Long Island 2 - Lannister United 1
TOP OF THE 4TH
Long Island Seawolves batting - Pitching for Lannister United Lionhearts : RHP Érik Moreau
Batting: RHB John Shultz 0-0: Ball
1-0: Ball
2-0: Called Strike
2-1: Ground out 6-3 (Groundball, 6)
Batting: RHB John Mayasich 0-0: Ball
1-0: Swinging Strike
1-1: Foul Ball, location: 2F
1-2: Foul Ball, location: 2F
1-2: Strikes out looking
Batting: RHB Carlos Gonzáles 0-0: Ball
1-0: Called Strike
1-1: Foul Ball, location: 2F
1-2: Fly out, F8 (Line Drive, 8RD)
Top of the 4th over - 0 runs, 0 hits, 0 errors, 0 left on base; Long Island 2 - Lannister United 1
BOTTOM OF THE 4TH
Lannister United Lionhearts batting - Pitching for Long Island Seawolves : RHP Joe Wilson
Batting: LHB Michael Witt 0-0: SINGLE (Groundball, 34D)
Batting: RHB Breanainn Swartwood 0-0: Foul Ball, location: 2F
0-1: Foul Ball, location: 2F
0-2: Strikes out swinging
Batting: RHB Mareka Naidoo 0-0: Foul Ball, location: 2F
0-1: Ball
1-1: Called Strike
1-2: Fly out, F8 (Flyball, 8RM)
Batting: RHB Víctor Murguia 0-0: Ball
1-0: Ball
2-0: Swinging Strike
2-1: Ball
3-1: Swinging Strike
3-2: Foul Ball, location: 2F
3-2: Strikes out looking
Bottom of the 4th over - 0 runs, 1 hit, 0 errors, 1 left on base; Long Island 2 - Lannister United 1
TOP OF THE 5TH
Long Island Seawolves batting - Pitching for Lannister United Lionhearts : RHP Érik Moreau
Batting: RHB Nigel Sturges 0-0: Called Strike
0-1: Ball
1-1: Foul Ball, location: 2F
1-2: Strikes out swinging, 2-3 out at first.
Batting: LHB Ryan Dudley 0-0: Called Strike
0-1: Called Strike
0-2: Fly out, F8 (Flyball, 89D)
Batting: RHB Shigeaki Samurakami 0-0: Foul Ball, location: 2F
0-1: Fly out, F6 (Popup, P)
Top of the 5th over - 0 runs, 0 hits, 0 errors, 0 left on base; Long Island 2 - Lannister United 1
BOTTOM OF THE 5TH
Lannister United Lionhearts batting - Pitching for Long Island Seawolves : RHP Joe Wilson
Batting: RHB Gonzalo Vásquez 0-0: Ball
1-0: Ball
2-0: Ground out 6-3 (Groundball, 6)
Batting: SHB Miklos Elias 0-0: SOLO HOME RUN (Line Drive, 9LD), Distance : 352 ft
Batting: RHB Manny García 0-0: Called Strike
0-1: Ball
1-1: Ground out 4-3 (Groundball, 4)
Batting: SHB Gerrie Bond 0-0: SINGLE (Line Drive, 3D)
Batting: RHB Mitsuhide Bando 0-0: Ball
1-0: Called Strike
1-1: Ball
2-1: Fly out, F2 (Popup, 2RF)
Bottom of the 5th over - 1 run, 2 hits, 0 errors, 1 left on base; Long Island 2 - Lannister United 2
TOP OF THE 6TH
Long Island Seawolves batting - Pitching for Lannister United Lionhearts : RHP Érik Moreau
Batting: RHB Wes O'Mulhill 0-0: Fly out, F6 (Popup, 6MD)
Batting: SHB Cheong-hun Kang 0-0: Ball
1-0: Ball
2-0: Ball
3-0: Called Strike
3-1: Base on Balls
Batting: RHB Taua Naituyaga 0-0: Ball
Cheong-hun Kang steals 2nd base
1-0: Called Strike
Cheong-hun Kang steals 3rd base
1-1: Ball
2-1: Single, Error in OF, E8, batter to second base
Cheong-hun Kang scores
Batting: RHB John Shultz 0-0: Ground out 5-3 (Groundball, 56)
Batting: RHB John Mayasich 0-0: Called Strike
0-1: Ball
1-1: Ground out 5-3 (Groundball, 56S)
Top of the 6th over - 1 run, 1 hit, 1 error, 1 left on base; Long Island 3 - Lannister United 2
BOTTOM OF THE 6TH
Lannister United Lionhearts batting - Pitching for Long Island Seawolves : RHP Joe Wilson
Batting: LHB Michael Witt 0-0: Ball
1-0: Called Strike
1-1: Ball
2-1: SINGLE (Groundball, 34D)
Batting: RHB Breanainn Swartwood 0-0: Bunted foul
0-1: Bunted foul
0-2: Strikes out swinging
Batting: RHB Mareka Naidoo 0-0: Ball
1-0: Called Strike
Michael Witt is caught stealing 2nd base
1-1: Ball
2-1: Fly out, F7 (Flyball, 78M)
Bottom of the 6th over - 0 runs, 1 hit, 0 errors, 0 left on base; Long Island 3 - Lannister United 2
TOP OF THE 7TH
Long Island Seawolves batting - Pitching for Lannister United Lionhearts : RHP Érik Moreau
Batting: RHB Carlos Gonzáles 0-0: Ball
1-0: Foul Ball, location: 2F
1-1: Foul Ball, location: 2F
1-2: Ball
2-2: Fly out, F3 (Line Drive, 3S)
Batting: RHB Nigel Sturges 0-0: Called Strike
0-1: Ball
1-1: DOUBLE (Line Drive, 7LM)
Pitching: RHP Kazuchika Okada
Batting: LHB Ryan Dudley 0-0: Foul Ball, location: 2F
0-1: Called Strike
0-2: Ball
1-2: Foul Ball, location: 2F
1-2: Strikes out swinging
Batting: RHB Shigeaki Samurakami 0-0: Ball
1-0: Ball
2-0: Foul Ball, location: 2F
2-1: Foul Ball, location: 2F
2-2: Ball
3-2: SINGLE (Groundball, 6MD)
Nigel Sturges to third
Nigel Sturges scores
Batting: RHB Wes O'Mulhill 0-0: Ball
1-0: Called Strike
1-1: Called Strike
1-2: Ball
2-2: Ball
3-2: Ground out 1-3 (Groundball, 15)
Top of the 7th over - 1 run, 2 hits, 0 errors, 1 left on base; Long Island 4 - Lannister United 2
BOTTOM OF THE 7TH
Lannister United Lionhearts batting - Pitching for Long Island Seawolves : RHP Joe Wilson
Batting: RHB Víctor Murguia 0-0: Fly out, F8 (Flyball, 8RS)
Batting: RHB Gonzalo Vásquez 0-0: Foul Ball, location: 2F
0-1: Ball
1-1: Foul Ball, location: 2F
1-2: SINGLE (Line Drive, 8RS)
Batting: SHB Miklos Elias 0-0: Ball
1-0: Ball
2-0: Foul Ball, location: 2F
2-1: Fly out, F9 (Line Drive, 9)
Batting: RHB Manny García 0-0: Fly out, F8 (Flyball, 8LS)
Bottom of the 7th over - 0 runs, 1 hit, 0 errors, 1 left on base; Long Island 4 - Lannister United 2
TOP OF THE 8TH
Long Island Seawolves batting - Pitching for Lannister United Lionhearts : RHP Kazuchika Okada
Batting: SHB Cheong-hun Kang 0-0: Ball
1-0: Fly out, F9 (Flyball, 9LSF)
Batting: RHB Taua Naituyaga 0-0: Foul Ball, location: 2F
0-1: Called Strike
0-2: Ball
1-2: Ball
2-2: Strikes out swinging
Batting: RHB John Shultz 0-0: SINGLE (Groundball, 4MD)
Batting: RHB John Mayasich 0-0: Called Strike
0-1: Ball
1-1: Ball
2-1: DOUBLE (Line Drive, 5D)
John Shultz to third
Runner from 3rd tries for Home, SAFE, no throw
Batting: RHB Carlos Gonzáles 0-0: Intentional Walk
Batting: RHB Nigel Sturges 0-0: Ball
1-0: Fly out, F9 (Flyball, 9LSF)
Top of the 8th over - 1 run, 2 hits, 0 errors, 2 left on base; Long Island 5 - Lannister United 2
BOTTOM OF THE 8TH
Lannister United Lionhearts batting - Pitching for Long Island Seawolves : RHP Joe Wilson
Batting: SHB Gerrie Bond 0-0: Called Strike
0-1: SINGLE (Groundball, 56D)
Batting: RHB Mitsuhide Bando 0-0: SINGLE (Groundball, 3D)
Gerrie Bond to second
Runner from 2nd tries for 3rd, SAFE, throw made to third
Batting: LHB Michael Witt 0-0: Ball
1-0: Foul Ball, location: 2F
1-1: Ball
2-1: TRIPLE (Flyball, 8RXD)
Gerrie Bond scores
Mitsuhide Bando scores
Batting: RHB Breanainn Swartwood 0-0: Called Strike
0-1: Called Strike
0-2: Ball
1-2: Ball
2-2: Ball
3-2: Fly out, F8 (Flyball, 8LD)
Runner from 3rd tags up, SCORES, no throw
Batting: RHB Mareka Naidoo 0-0: Foul Ball, location: 2F
0-1: Called Strike
0-2: Ball
1-2: Foul Ball, location: 2F
1-2: Ground out 6-3 (Groundball, 6)
Batting: RHB Víctor Murguia 0-0: Foul Ball, location: 2F
0-1: Swinging Strike
0-2: Strikes out swinging
Bottom of the 8th over - 3 runs, 3 hits, 0 errors, 0 left on base; Long Island 5 - Lannister United 5
TOP OF THE 9TH
Long Island Seawolves batting - Pitching for Lannister United Lionhearts : RHP Kazuchika Okada
Pitching: RHP Joy-shan Men
Batting: LHB Ryan Dudley 0-0: Foul Ball, location: 2F
0-1: Ball
1-1: Swinging Strike
1-2: Ball
2-2: Ball
3-2: Strikes out looking
Batting: RHB Shigeaki Samurakami 0-0: Called Strike
0-1: Ball
1-1: Ball
2-1: Called Strike
2-2: Foul Ball, location: 2F
2-2: Fly out, F8 (Flyball, 89M)
Batting: RHB Wes O'Mulhill 0-0: Ball
1-0: Ball
2-0: Ball
3-0: Called Strike
3-1: Swinging Strike
3-2: Strikes out looking
Top of the 9th over - 0 runs, 0 hits, 0 errors, 0 left on base; Long Island 5 - Lannister United 5
BOTTOM OF THE 9TH
Lannister United Lionhearts batting - Pitching for Long Island Seawolves : RHP Joe Wilson
Pitching: RHP Ben Lieske
Batting: RHB Gonzalo Vásquez 0-0: Ball
1-0: Called Strike
1-1: Swinging Strike
1-2: Fly out, F6 (Popup, 6)
Batting: SHB Miklos Elias 0-0: Called Strike
0-1: Swinging Strike
0-2: Ball
1-2: Strikes out swinging
Pinch Hitting: RHB Craig Greene 0-0: SOLO HOME RUN (Line Drive, 7LD), Distance : 343 ft
Friday, March 29th, 2019 - OOTP Baseball 18.8 Build 76